 Dungeon Crawl Stone Soup version 0.31-a0-210-gccc998df9b (webtiles) character file.

Game seed: 2504905532147369424

102 qw the Shooter (level 4, -3/36 HPs)
             Began as a Minotaur Hexslinger on June 30, 2023.
             Slain by a cerulean imp
             ... wielding a +2 spear
             ... summoned by Natasha
              (8 damage)
             ... on level 2 of the Dungeon.
             The game lasted 00:00:35 (1073 turns).

qw the Shooter (Minotaur Hexslinger)                Turns: 1073, Time: 00:00:35

Health: -3/36      AC:  0    Str: 12    XL:     4   Next: 50%
Magic:  4/4        EV: 19    Int: 10    God:
Gold:   45         SH:  0    Dex: 20    Spells: 4/5 levels left

rFire   . . .        a - melded +1 sling
rCold   . . .        (shield currently unavailable)
rNeg    . . .        e - melded +0 ring mail
rPois   .            (helmet currently unavailable)
rElec   .            (cloak currently unavailable)
rCorr   .            (gloves currently unavailable)
SInv    .            (boots currently unavailable)
Will    .....        (no amulet)
Stlth   ++           (ring currently unavailable)
HPRegen 0.26/turn    (ring currently unavailable)
MPRegen 0.09/turn

%: no passive effects
@: bat-form, flying, very quick
A: fast, flying, no casting, tiny, (horns 2), (retaliatory headbutt)
a: no special abilities


You were on level 2 of the Dungeon.
You were a bat.
You visited 1 branch of the dungeon, and saw 2 of its levels.

You collected 45 gold pieces.


Innate Abilities, Weirdness & Mutations

You are a bat.
You are tiny and dextrous.
You move quickly.
You are flying.
Your equipment is almost entirely melded.
You are incapable of wielding weapons or throwing items.
You cannot cast spells.
((You have a pair of horns on your head.))
((You reflexively headbutt those who attack you in melee.))


   Skills:
 - Level 2.0 Fighting
 + Level 4.5 Ranged Weapons
 - Level 2.1 Armour
 - Level 2.1 Dodging
 - Level 1.0 Spellcasting
 - Level 2.0 Hexes


You had 4 spell levels left.
You knew the following spells:

 Your Spells              Type           Power      Damage    Failure   Level
a - Slow                  Hex            16%        N/A       16%         1

Your spell library contained the following spells:

 Spells                   Type           Power      Damage    Failure   Level
 Inner Flame              Hex/Fire       2%         N/A       56%         3
 Portal Projectile        Hex/Tloc       4%         N/A       56%         3
 Cause Fear               Hex            2%         N/A       83%         4

Inventory:

Hand Weapons
 a - a +1 sling (melded)
Armour
 e - a +0 ring mail (melded)
Scrolls
 h - a scroll of identify {unknown}
Potions
 b - a potion of might {unknown}
 c - a potion of attraction {unknown}
 d - a potion of enlightenment {unknown}
 f - a potion of curing {unknown}
 g - a potion of mutation {unknown}

Dungeon Overview and Level Annotations

Branches:
Dungeon (2/15)

Altars:

Annotations:
D:2 Natasha


Message History

Natasha zaps a wand.
You resist with some effort.
The cerulean imp hits you but does no damage.
You shoot a sling bullet.
The sling bullet closely misses Natasha.
Natasha mumbles some strange words.
The cerulean imp hits you but does no damage.
Natasha wildly gestures.
You feel disoriented.
Natasha zaps a wand.
You turn into a bat.
Your +1 sling melds into your body.
Your +0 ring mail melds into your body.
You hit the cerulean imp.
The cerulean imp is lightly wounded.
The cerulean imp barely misses you. Natasha misses you.
You hit the cerulean imp but do no damage.
The cerulean imp is lightly wounded.
The cerulean imp misses you. x2; Natasha barely misses you.
You hit the cerulean imp.
The cerulean imp is moderately wounded.
The cerulean imp misses you. The cerulean imp closely misses you.
Natasha misses you.
You hit the cerulean imp but do no damage.
The cerulean imp is moderately wounded.
The cerulean imp misses you. x2
You barely miss the cerulean imp.
The cerulean imp is moderately wounded.
Natasha claws you! The cerulean imp misses you.
The cerulean imp completely misses you.
You barely miss the cerulean imp.
The cerulean imp is moderately wounded.
Natasha wildly gestures.
Natasha shimmers violently.
Natasha casts a spell.
The cerulean imp hits you with a +2 spear.
The cerulean imp closely misses you.
You hit the cerulean imp.
The cerulean imp is moderately wounded.
The cerulean imp disappears in a puff of smoke!
Natasha claws you!
The cerulean imp hits you with a +2 spear!
You die...

.. #.# #.......# .. ..#
#.#####.# .# #.# #.#
#.#### .# ####.#####.##
#..... .
............#######.# #
###.#.....)...####.# #
#5.ยค#####......... # #..
#.# #h.##...##..h##### #
#..# #.# #b.#.....#...# #
##..## #.# #5.#.....#...#
#
.....##.###..#.(...#...#
#
#............##)..##..##
# #.............##'##..##
# #.####.###.........##
## #...##.###.##.....##
.######.#........########
#h|.....h....#####


You could see Natasha and 2 cerulean imps.

Vanquished Creatures
  Jessica (D:2)
  Natasha (D:2)
  An adder (D:2)
  2 dart slugs
  A ball python (D:1)
  5 endoplasms
  A giant cockroach (D:1)
  6 goblins (D:1)
  5 hobgoblins
  3 kobolds
  A quokka (D:2)
  3 bats
  3 frilled lizards
  3 rats
36 creatures vanquished.

Notes
Turn   | Place    | Note
-------+----------+-------------------------------------------
     0 | D:1      | qw the Minotaur Hexslinger began the quest for the Orb.
     0 | D:1      | Reached XP level 1. HP: 16/16 MP: 1/1
     0 | D:1      | 0 ||| qw: Version: 0.3-a-26-gee661ec
     0 | D:1      | 0 ||| qw: Game counter: 7199
     0 | D:1      | 0 ||| qw: Melee chars always use a shield: true
     0 | D:1      | 0 ||| qw: God list: Okawaru
     0 | D:1      | 0 ||| qw: Allow faded altars: false
     0 | D:1      | 0 ||| qw: Do Orc after clearing Dungeon:15 true
     0 | D:1      | 0 ||| qw: Do second Lair branch before Depths: true
     0 | D:1      | 0 ||| qw: Lair rune preference: random
     0 | D:1      | 0 ||| qw: Goals: Normal
     0 | D:1      | 0 ||| PLANNING D:1-11
    80 | D:1      | Found a faded altar of an unknown god.
   116 | D:1      | Reached skill level 3 in Ranged Weapons
   133 | D:1      | Reached XP level 2. HP: 22/23 MP: 2/2
   505 | D:1      | Reached XP level 3. HP: 29/29 MP: 3/3
   672 | D:1      | 672 ||| UPGRADING to +0 ring mail.
   682 | D:1      | 682 ||| DROPPING +0 robe.
   683 | D:1      | 683 ||| DROPPING scroll of poison.
   803 | D:2      | Reached skill level 4 in Ranged Weapons
   871 | D:2      | Noticed Jessica
   878 | D:2      | Killed Jessica
   879 | D:2      | Reached XP level 4. HP: 36/36 MP: 4/4
   948 | D:2      | Noticed Natasha
   951 | D:2      | 951 ||| FLEEEEING.
   955 | D:2      | 955 ||| FLEEEEING.
   956 | D:2      | 956 ||| FLEEEEING.
   957 | D:2      | 957 ||| FLEEEEING.
   958 | D:2      | 958 ||| FLEEEEING.
   959 | D:2      | 959 ||| FLEEEEING.
   965 | D:2      | 965 ||| FLEEEEING.
   966 | D:2      | 966 ||| FLEEEEING.
   969 | D:2      | 969 ||| FLEEEEING.
   970 | D:2      | 970 ||| FLEEEEING.
   971 | D:2      | 971 ||| FLEEEEING.
   972 | D:2      | 972 ||| FLEEEEING.
   973 | D:2      | 973 ||| FLEEEEING.
   974 | D:2      | 974 ||| FLEEEEING.
  1006 | D:2      | Killed Natasha
  1052 | D:2      | Noticed Natasha
  1053 | D:2      | 1053 ||| FLEEEEING.
  1054 | D:2      | 1054 ||| FLEEEEING.
  1055 | D:2      | 1055 ||| FLEEEEING.
  1056 | D:2      | 1056 ||| FLEEEEING.
  1057 | D:2      | 1057 ||| FLEEEEING.
  1058 | D:2      | 1058 ||| FLEEEEING.
  1059 | D:2      | 1059 ||| FLEEEEING.
  1060 | D:2      | 1060 ||| FLEEEEING.
  1073 | D:2      | HP: 5/36 [Natasha (10)]
  1073 | D:2      | Slain by a cerulean imp

Levels and vault maps discovered:
D:1:      minmay_arrival_nine_rooms, layout_rooms, shapermc_ecumenical_altar_gd
D:2:      layout_loops_ring, basic_altar, kennysheep_jessica_study, uniq_natasha

Skill      XL: |  1  2  3 |
---------------+----------+-----
Ranged Weapons | 3 4 |  4.5
Fighting       | 2 |  2.0
Armour         | 2 |  2.1
Dodging        | |  2.1
Spellcasting   | |  1.0
Hexes          | |  2.0

Action                     |  1- 3 |  4- 6 || total
---------------------------+-------+-------++-------
  Melee: Unarmed           |       |     7 ||     7
   Fire: Sling             |    91 |    34 ||   125
 Armour: Robe              |     1 |       ||     1
         Ring mail         |     4 |    15 ||    19
  Dodge: Dodged            |    21 |    22 ||    43

Table legend:
 A = Non-vault XP
 B = Vault XP
 C = Vault XP percentage of total XP
 D = Non-vault monster count
 E = Vault monster count
 F = Vault count percentage of total count
                 A         B        C        D         E       F
            +---------+---------+-------+---------+---------+-------
      Total |      73 |      74 |  50.3 |      33 |       3 |   8.3
            +---------+---------+-------+---------+---------+-------
        D:1 |      43 |       0 |   0.0 |      23 |       0 |   0.0
        D:2 |      30 |      74 |  71.2 |      10 |       3 |  23.1
            +---------+---------+-------+---------+---------+-------
